 Dungeon Crawl Stone Soup version 0.30-a0-1082-g70414cbcbb (webtiles) character file.

Game seed: 7275302270392191933

123 ryw the Trooper (level 4, 0/37 HPs)
             Began as a Mummy Fighter on Apr 16, 2023.
             Slain by a gnoll
             ... wielding a +0 flail
              (8 damage)
             ... on level 2 of the Dungeon.
             The game lasted 00:04:01 (2129 turns).

ryw the Trooper (Mummy Fighter)                     Turns: 2129, Time: 00:04:01

Health: 0/37       AC:  7    Str: 21    XL:     4   Next: 80%
Magic:  4/4        EV:  9    Int:  7    God:
Gold:   114        SH:  5    Dex: 17    Spells: 3/3 levels left

rFire   x . .      SeeInvis .    a - +0 flail
rCold   + . .      Faith    +    c - +0 buckler
rNeg    + + +      Spirit   .    g - +0 scale mail
rPois   ∞          Reflect  .    m - +0 helmet
rElec   .          Rampage  .    (no cloak)
rCorr   .                        (no gloves)
Will    .....                    (no boots) Stlth
                                 (no amulet)
HPRegen 0.26/turn                e - +6 ring of dexterity
MPRegen 0.09/turn                (no ring)

@: no status effects
A: cold resistance 1, negative energy resistance 3, torment resistance 2, heat
vulnerability 1, in touch with death 1, no potions, faith
a: no special abilities


You were on level 2 of the Dungeon.
You visited 1 branch of the dungeon, and saw 3 of its levels.

You collected 114 gold pieces.

Inventory:

Hand Weapons
 a - a +0 flail (weapon)
 b - a +1 sling of freezing
Missiles
 i - a throwing net
Armour
 c - a +0 buckler (worn)
 g - a +0 scale mail (worn)
 m - a +0 helmet (worn)
Jewellery
 e - a +6 ring of dexterity (left hand)
Scrolls
 d - a scroll of vulnerability {unknown}
 f - a scroll of fog {unknown}
 h - 2 scrolls of teleportation {unknown}
 j - 3 scrolls of identify {unknown}
 k - a scroll of blinking {unknown}
 l - a scroll of magic mapping {unknown}
 n - a scroll of immolation {unknown}


   Skills:
 + Level 3.7 Fighting
 * Level 3.0 Maces & Flails
 + Level 0.9 Ranged Weapons
 + Level 3.0 Armour
 - Level 2.4 Shields


You had 3 spell levels left.
You didn't know any spells.
Your spell library contained the following spells:

 Spells                   Type           Power      Damage    Failure   Level
 Vhi's Electric Charge    Tloc/Air       0%         N/A       99%         3
 Arcjolt                  Conj/Air       0%         1d10      100%        5
 Plasma Beam              Fire/Air       0%         2x1d11    100%        6


Dungeon Overview and Level Annotations

Branches:
Dungeon (3/15)

Altars:
Vehumet

Shops:
D:1 :   D:3 :

Annotations:
D:3 3 runed translucent doors, BlasphemerAmon's ghost, amateur OpMo; Grinder; Sigmund; gelatine's ghost, amateur DsFi; tgirl's ghost, amateur KoHs; turdburglar's ghost, weakling GrFi


Innate Abilities, Weirdness & Mutations

You are immune to poison.
Your flesh is cold resistant. (rC+)
You are immune to negative energy. (rN+++)
You are immune to unholy pain and torment.
You are vulnerable to heat. (rF-)
You are in touch with the powers of death.
You do not drink.
You have a special connection with the divine. (Faith)


Message History

The ball python constricts you.
You thump the ball python!
You kill the ball python!
No target in view!
No target in view!
You see here an adder corpse.
Found a stone staircase leading down. 4 gnolls come into view.
The gnoll shouts! x3
You hit the gnoll but do no damage. The gnoll closely misses you.
A bat comes into view.
You block the gnoll's attack. You block the bat's attack.
You sock the bat!
You kill the bat!
The gnoll misses you. The gnoll attacks as you move away!
The gnoll hits you with a +0 flail!
You see here a bat corpse.
The gnoll attacks as you move away! The gnoll barely misses you.
The gnoll attacks as you move away! The gnoll hits you with a +0 flail.
The gnoll attacks as you move away! The gnoll barely misses you.
The gnoll attacks as you move away! The gnoll hits you with a +0 flail.
The gnoll attacks as you move away! The gnoll hits you with a +0 flail.
The gnoll attacks as you move away! The gnoll hits you with a +0 flail.
* * * LOW HITPOINT WARNING * * *
The gnoll attacks as you move away! The gnoll hits you with a +0 flail.
* * * LOW HITPOINT WARNING * * *
The gnoll attacks as you move away! The gnoll hits you with a +0 flail.
* * * LOW HITPOINT WARNING * * *
The gnoll attacks as you move away! The gnoll closely misses you.
You see here an adder corpse.
The gnoll attacks as you move away! You block the gnoll's attack.
There is a stone staircase leading up here.
The gnoll completely misses you.
You climb upwards.
There is a stone staircase leading down here.
Okay, then.
Unknown command.
You closely miss the gnoll. The gnoll hits you with a +0 flail!
You die...

#.###'# #.#.###....##......|....
#.#...# #.#..##....##.).........
#.#.#### #.##.##........#........
'.8....###.##..#........#........
#####._.######.#........#.#.##.#.
# ##....8.'..#........#.#....#. #
####.#.##......#####........ #
#...#.###.....### #........ #
#'###.#..(@.....# ##....... #
#.....#.#.g.....# #....... #
#######.#.......# #.......
#......#.......# #.......
#......#.......# ########
#.(....#.......# ################


You could see a gnoll.

Vanquished Creatures
  Robin (D:2)
  4 gnolls
  An adder (D:3)
  4 dart slugs
  2 ball pythons
  2 endoplasms
  2 giant cockroaches
  10 goblins
  11 hobgoblins
  4 quokkas
  2 bats
  3 frilled lizards (D:1)
  6 kobolds
  6 rats
58 creatures vanquished.

Vanquished Creatures (others)
  5 fungi (D:2)
  2 plants (D:2)
7 creatures vanquished.

Grand Total: 65 creatures vanquished

Notes
Turn   | Place    | Note
-------+----------+-------------------------------------------
     0 | D:1      | ryw the Mummy Fighter began the quest for the Orb.
     0 | D:1      | Reached XP level 1. HP: 18/18 MP: 1/1
   229 | D:1      | Reached XP level 2. HP: 20/24 MP: 2/2
   636 | D:1      | Gained mutation: You are in touch with the powers of death.
                  | [Mummy growth]
   636 | D:1      | Reached XP level 3. HP: 27/29 MP: 3/3
   699 | D:1      | Found Enualal's Book Boutique.
  1242 | D:2      | Found a faded altar of an unknown god.
  1370 | D:2      | Found a radiant altar of Vehumet.
  1439 | D:2      | Reached XP level 4. HP: 35/35 MP: 4/4
  1709 | D:2      | Noticed Robin
  1717 | D:2      | Killed Robin
  1941 | D:3      | Found a runed translucent gate.
  1941 | D:3      | Found a runed translucent gate.
  1941 | D:3      | Found a runed translucent gate.
  1942 | D:3      | Noticed BlasphemerAmon's ghost (amateur OpMo)
  1942 | D:3      | Noticed tgirl's ghost (amateur KoHs)
  1943 | D:3      | Noticed gelatine's ghost (amateur DsFi)
  1943 | D:3      | Noticed turdburglar's ghost (weakling GrFi)
  1979 | D:3      | Noticed Sigmund
  1997 | D:3      | Noticed Grinder
  2007 | D:3      | Paralysed by Grinder for 3 turns
  2051 | D:3      | Found Kathrog's Book Emporium.
  2129 | D:2      | Slain by a gnoll

Illustrated notes

Levels and vault maps discovered:
D:1:      eino_arrival_cavern_a, layout_loops_corners, serial_shops,
          nicolae_lakefront_shop
D:2:      layout_basic, basic_altar, shapermc_ecumenical_altar_ellora,
          uniq_robin
D:3:      layout_basic, serial_shops, shop, gammafunk_ghost_cemetery,
          chequers_serial_rivers_micro_a, bh_walls_and_bars, uniq_sigmund,
          uniq_grinder

Skill      XL: |  1  2  3  4 |
---------------+-------------+-----
Maces & Flails | 2 3 |  3.0
Armour         | 3 |  3.0
Fighting       | |  3.7
Ranged Weapons | |  0.9
Shields        | |  2.4

Action                     |  1- 3 |  4- 6 || total
---------------------------+-------+-------++-------
  Melee: Flail             |    75 |    20 ||    95
   Fire: Sling             |    20 |    29 ||    49
 Armour: Scale mail        |    27 |     9 ||    36
  Dodge: Dodged            |    37 |    20 ||    57
  Block: Buckler           |    20 |     7 ||    27

Table legend: (Time is in decaauts)
 A = Elapsed time spent in this place.
 B = Non-inter-level travel time spent in this place.
 C = Inter-level travel time spent in this place.
 D = Time resting spent in this place.
 E = Time spent auto-exploring this place.
 F = Levels seen in this place.
 G = Mean time per level.
                   A        B        C        D        E       F      G
               +--------+--------+--------+--------+--------+-----+--------+
         Total |   2182 |   2033 |    149 |    205 |   1334 |   3 |  727.3 |
       Dungeon |   2182 |   2033 |    149 |    205 |   1334 |   3 |  727.3 |
               +--------+--------+--------+--------+--------+-----+--------+

Top non-repeatable levels by time:
     D:1: 1122 daAuts
     D:2: 871 daAuts
     D:3: 188 daAuts
